 Dungeon Crawl Stone Soup version 0.31-a0-844-gdc52ec4e09 (webtiles) character file.

Game seed: 17400891612724753241

21712 D12ThenQuit the Nimble (level 12, 95/95 HPs)
             Began as a Vampire Warper on Sept 29, 2023.
             Was an Initiate of Gozag.
             Safely got out of the dungeon.
             The game lasted 00:50:04 (17376 turns).

D12ThenQuit the Nimble (Vampire Warper)            Turns: 17376, Time: 00:50:05

Health: 95/95      AC: 22    Str: 16    XL:     12   Next: 56%
Magic:  15/15      EV: 15    Int: 20    God:    Gozag
Gold:   456        SH:  0    Dex: 17    Spells: 11/15 levels left

rFire   . . .        a - +2 short sword (venom)
rCold   + . .        g - orb {*Rage}
rNeg    . . .        X - +4 scale mail {rC+}
rPois   .            G - +2 helmet {Int+3}
rElec   .            L - +2 cloak
rCorr   +            q - +0 pair of gloves
SInv    +            Q - +0 pair of boots
Will    +....        k - amulet of magic regeneration
Stlth   ++           e - +6 ring of strength
HPRegen 0.55/turn    J - ring of resist corrosion
MPRegen 0.54/turn

%: random rage (20%)
@: healing quickly, studying 2 skills
A: alive, fangs 3, see invisible, vampiric 2
a: Exsanguinate, Renounce Religion, Potion Petition, Call Merchant, Bribe Branch


You escaped.
You worshipped Gozag.
Gozag was aware of your devotion.
You visited 2 branches of the dungeon, and saw 13 of its levels.

You collected 2362 gold pieces.
You spent 1738 gold pieces at shops.
You paid 168 gold pieces to Gozag.

Inventory:

Hand Weapons
 a - a +2 short sword of venom (weapon)
 b - a +1 vampiric short sword
 I - a +0 dagger of distortion
 N - a +3 falchion of freezing
 Y - a +4 scimitar
Missiles
 d - 2 darts of dispersal (quivered)
 w - 6 curare-tipped darts
Armour
 g - an orb of wrath (worn)
 q - a +0 pair of gloves (worn)
 s - a +1 leather armour of positive energy
 G - a +2 helmet of intelligence (worn)
 L - a +2 cloak (worn)
 Q - a +0 pair of boots (worn)
 S - an orb of light
 X - a +4 scale mail of cold resistance (worn)
Jewellery
 e - a +6 ring of strength (left hand)
 k - an amulet of magic regeneration (around neck)
 J - a ring of resist corrosion (right hand)
Wands
 t - a wand of charming (7)
 v - a wand of iceblast (6)
 F - a wand of quicksilver (12)
 M - a wand of mindburst (16)
 P - a wand of polymorph (8)
 R - a wand of flame (30)
Scrolls
 c - a scroll of butterflies
 f - a scroll of noise
 i - 3 scrolls of revelation
 m - 3 scrolls of teleportation
 n - 2 scrolls of vulnerability
 r - 3 scrolls of poison
 x - 3 scrolls of enchant weapon
 y - a scroll of amnesia
 K - a scroll of torment
 O - a scroll of immolation
 T - a scroll of fear
 W - a scroll of enchant armour {unknown}
 Z - a scroll of blinking
Potions
 j - 3 potions of curing
 l - 3 potions of haste
 p - 5 potions of brilliance
 u - a potion of berserk rage
 z - 2 potions of might
 A - 3 potions of ambrosia
 B - 3 potions of lignification
 C - 2 potions of enlightenment {unknown}
 E - a potion of attraction {unknown}
 H - 3 potions of heal wounds
 U - 2 potions of invisibility {unknown}
Miscellaneous
 V - a sack of spiders


   Skills:
 - Level 9.3 Fighting
 - Level 10.1 Short Blades
 - Level 0.7 Throwing
 + Level 9.3 Armour
 - Level 11.6 Dodging
 + Level 5.1 Stealth
 - Level 2.0 Spellcasting
 - Level 2.4 Translocations
 - Level 7.4 Evocations


You had 11 spell levels left.
You knew the following spells:

 Your Spells              Type           Power      Damage    Failure   Level
a - Blink                 Tloc           22%        N/A       26%         2
b - Passwall              Tmut/Erth      1%         N/A       56%         2

Your spell library contained the following spells:

 Spells                   Type           Power      Damage    Failure   Level
 Lesser Beckoning         Tloc           22%        N/A       26%         2
 Slow                     Hex            8%         N/A       41%         1
 Summon Small Mammal      Summ           8%         N/A       41%         1
 Teleport Other           Tloc           11%        N/A       45%         3
 Ensorcelled Hibernation  Hex/Ice        4%         N/A       56%         2
 Wereblood                Tmut           2%         N/A       56%         2
 Call Canine Familiar     Summ           2%         N/A       80%         3
 Confusing Touch          Hex            2%         N/A       80%         3
 Inner Flame              Hex/Fire       2%         N/A       80%         3
 Sigil of Binding         Hex            2%         N/A       80%         3
 Summon Guardian Golem    Hex/Summ       2%         N/A       80%         3
 Swiftness                Air            2%         N/A       80%         3
 Vampiric Draining        Necr           2%         2d6       80%         3
 Manifold Assault         Tloc           11%        N/A       86%         4
 Vhi's Electric Charge    Tloc/Air       12%        N/A       95%         4
 Flame Wave               Conj/Fire      2%         2d4       99%         4
 Leda's Liquefaction      Hex/Erth       1%         N/A       99%         4
 Sticky Flame             Conj/Fire      2%         2d3       99%         4
 Irradiate                Conj/Tmut      1%         3d12      100%        5
 Lee's Rapid Deconstruct  Erth           1%         3d4*      100%        5
 Bombard                  Conj/Erth      1%         9d1       100%        6
 Haunt                    Necr/Summ      1%         N/A       100%        7
 Infestation              Necr           1%         N/A       100%        8
 Animate Dead             Necr           Unusable   N/A       N/A         4

Dungeon Overview and Level Annotations

Branches:
Dungeon (12/15)            Temple (1/1) D:7            Lair (0/5) D:9
    Orc (0/2) D:11

Altars:
Ashenzari
Cheibriados
Dithmenos
Fedhas
Gozag
Hepliaklqana
Kikubaaqudgha
Makhleb
Nemelex Xobeh
Okawaru
Qazlal
Ru
Sif Muna
Trog
Uskayaw
Vehumet
Wu Jian
Xom
Yredelemnul

Shops:
D:3 *   D:4 :   D:5 ***   D:8 :


Innate Abilities, Weirdness & Mutations

Your natural rate of healing is accelerated.
You have razor-sharp teeth.
You have supernaturally acute eyesight. (SInv)
You are afflicted with vampirism and can become a bat while bloodless.


Message History

You climb upwards.
There is a stone staircase leading down here.
There is an open door here.
There is a stone staircase leading up here.
You climb upwards.
There is a stone staircase leading down here.
There is a stone staircase leading up, spattered with blood here.
You climb upwards.
There is a stone staircase leading down here.
Items here: )) [[.
There is a stone staircase leading up here.
You climb upwards.
There is a stone staircase leading down here.
You see here a +0 spear.
There is a stone staircase leading down, spattered with blood here.
You see here a +0 flail.
You see here a +0 club.
There is a stone staircase leading up here.
There is a stone staircase leading up here.
You climb upwards.
There is a stone staircase leading down here.
There is an open door here.
There is a stone staircase leading up here.
You climb upwards.
There is a stone staircase leading down here.
There is a stone staircase leading up here.
You climb upwards.
There is a stone staircase leading down here.
There is an open door here.
There is an open door here.
You see here a +0 club.
There is a stone staircase leading up, spattered with blood here.
You climb upwards.
There is a stone staircase leading down, spattered with blood here.
There is an open door here.
You see here an adder skeleton.
You open the door.
There is an open door here.
There is a staircase leading out of the dungeon here.
You have escaped!

# ##.......##....#...#...# #
#.........###.##..##..## #
#....♣....##..(#..##.##########
#
#...........##...###...........
# ##.......#########
#.##########
###...######...####.# #
####.### ##.......##.#
###...### #.........#.#
#.......####....@....#.#
.........##..........#.#
....♣......##.......##.#
......)..######...####.#
#.......## ########....##
###...### #.....##.....##
.###### #...####......# ....#
##............####### #.###
#..........#........#


There were no monsters in sight!

Vanquished Creatures
  Josephine (D:11)
  2 two-headed ogres
  Pikel (D:7)
  An ugly thing (D:9)
  A cyclops (D:12)
  An elephant (D:8)
  2 gargoyles (D:12)
  Psyche (D:11)
  An unseen horror (D:11)
  2 kobold demonologists (D:12)
  2 komodo dragons
  10 trolls
  A hornet (D:8)
  4 slime creatures
  Sigmund (D:4)
  4 shadows
  2 wyverns
  12 yaks
  7 wraiths
  3 vampire mosquitoes
  Menkaure (D:7)
  4 steam dragons
  2 acid dragons
  A swamp drake (D:11)
  A black bear (D:6)
  7 orc warriors
  A sky beast (D:6)
  An ice beast (D:6)
  An ogre (D:11)
  5 wolves (D:9)
  13 centaurs
  A lemure (D:7)
  5 kobold brigands
  3 bullfrogs
  4 gnoll sergeants
  5 scorpions
  11 wights
  42 killer bees
  2 howler monkeys
  9 electric eels
  2 jellies
  4 orc priests
  2 gnoll boudas
  4 hounds
  6 iguanas
  4 sleepcaps
  12 orc wizards
  Robin (D:4)
  15 gnolls
  9 adders
  3 shadow imps
  A white imp (D:5)
  2 ufetubi
  2 worms
  A dart slug (D:2)
  41 orcs
  7 ball pythons
  4 bats
  9 endoplasms
  6 giant cockroaches
  22 goblins
  12 hobgoblins
  2 jackals (D:1)
  6 quokkas
  A frilled lizard (D:2)
  24 kobolds
  25 rats
405 creatures vanquished.

Vanquished Creatures (collateral kills)
  A troll (D:8)
  An ogre (D:4)
  2 centaurs (D:8)
4 creatures vanquished.

Vanquished Creatures (others)
  A kobold (D:6)
1 creature vanquished.

Grand Total: 410 creatures vanquished

Notes
Turn   | Place    | Note
-------+----------+-------------------------------------------
     0 | D:1      | D12ThenQuit the Vampire Warper began the quest for the Orb.
     0 | D:1      | Reached XP level 1. HP: 16/16 MP: 3/3
   243 | D:1      | Reached skill level 1 in Stealth
   582 | D:1      | Reached XP level 2. HP: 16/19 MP: 5/5
   888 | D:1      | Learned a level 2 spell: Blink
  1521 | D:2      | Gained mutation: You are afflicted with vampirism and can
                  | become a bat while bloodless. [Vampire growth]
  1521 | D:2      | Reached XP level 3. HP: 21/21 MP: 6/6
  1741 | D:1      | Reached skill level 5 in Stealth
  1995 | D:2      | Reached XP level 4. HP: 23/23 MP: 7/7
  2079 | D:2      | You fall into a shaft and drop 2 floors!
  2090 | D:4      | Noticed a bullfrog
  2101 | D:4      | Killed a bullfrog
  2202 | D:3      | Reached XP level 5. HP: 21/26 MP: 8/8
  2235 | D:3      | Found Naqehari's Assorted Antiques.
  2245 | D:3      | Bought a scroll labelled JANIEC VONAI for 31 gold pieces
  2245 | D:3      | Bought a bubbling clear potion for 27 gold pieces
  2981 | D:3      | Reached skill level 5 in Short Blades
  3071 | D:3      | Found an ancient bone altar of Kikubaaqudgha.
  3604 | D:4      | Noticed Robin
  3684 | D:4      | Killed Robin
  3738 | D:4      | Found Luofuh's Self-Improvement Boutique.
  3805 | D:4      | Noticed an ogre
  3816 | D:4      | Killed an ogre
  3817 | D:4      | Reached XP level 6. HP: 30/35 MP: 9/9
  4088 | D:4      | Noticed Sigmund
  4104 | D:4      | Killed Sigmund
  4105 | D:4      | Reached XP level 7. HP: 39/39 MP: 10/10
  4506 | D:5      | Entered Level 5 of the Dungeon
  4506 | D:5      | Found Koet's General Store.
  4506 | D:5      | Found Usodwon's Assorted Antiques.
  4506 | D:5      | Found Faumim's General Store.
  4724 | D:5      | Bought a scroll labelled OFEPREGONK for 22 gold pieces
  4724 | D:5      | Bought a scroll labelled JANIEC VONAI for 22 gold pieces
  4724 | D:5      | Bought a sedimented clear potion for 19 gold pieces
  4809 | D:5      | Found a snail-covered altar of Cheibriados.
  5032 | D:5      | Found a basalt altar of Yredelemnul.
  5314 | D:5      | Reached XP level 8. HP: 49/49 MP: 11/11
  5493 | D:5      | Reached skill level 10 in Short Blades
  6165 | D:6      | Found a hide-covered altar of Uskayaw.
  6640 | D:6      | Reached skill level 5 in Fighting
  6769 | D:6      | Noticed a two-headed ogre
  6783 | D:6      | Killed a two-headed ogre
  6784 | D:6      | Reached XP level 9. HP: 41/72 MP: 12/12
  7056 | D:6      | Reached skill level 3 in Dodging
  7294 | D:7      | Reached skill level 4 in Dodging
  7361 | D:7      | Reached skill level 5 in Dodging
  7486 | D:7      | Reached skill level 6 in Dodging
  7671 | D:7      | Found a staircase to the Ecumenical Temple.
  7690 | D:7      | Reached skill level 7 in Dodging
  7762 | D:7      | Noticed Pikel
  7775 | D:7      | Killed Pikel
  7776 | D:7      | Reached skill level 8 in Dodging
  7843 | D:7      | Reached XP level 10. HP: 79/79 MP: 13/13
  7843 | D:7      | Noticed Menkaure
  7866 | D:7      | Killed Menkaure
  8080 | D:7      | Reached skill level 9 in Dodging
  8091 | Temple   | Entered the Ecumenical Temple
  8227 | D:7      | Identified the +0 chain mail of Dyoriwn {Dex+4}
  8750 | D:8      | Found a shimmering blue altar of Sif Muna.
  8758 | D:8      | Found a radiant altar of Vehumet.
  8758 | D:8      | Found a shadowy altar of Dithmenos.
  8765 | D:8      | Found a broken altar of Ashenzari.
  8769 | D:8      | Found an opulent altar of Gozag.
  8786 | D:8      | Became a worshipper of Gozag Ym Sagoz the Greedy
  9366 | D:8      | Reached skill level 10 in Dodging
  9446 | D:8      | Found Nydwu's Tiny Tomes.
  9576 | D:8      | Paralysed by a hornet for 3 turns
  9584 | D:8      | Paralysed by a hornet for 3 turns
 10679 | D:8      | Identified the +5 morningstar of Uriz {freeze, Dex+5}
 10739 | D:8      | Reached skill level 11 in Dodging
 11075 | D:8      | Learned a level 2 spell: Passwall
 11156 | D:8      | Reached XP level 11. HP: 58/89 MP: 14/14
 11226 | D:8      | Reached skill level 1 in Evocations
 11781 | D:9      | Found an iron altar of Okawaru.
 12365 | D:9      | Reached skill level 5 in Evocations
 13065 | D:9      | Found a staircase to the Lair.
 13346 | D:5      | Bought a +4 scale mail of cold resistance for 372 gold
                  | pieces
 13435 | D:5      | Reached skill level 1 in Armour
 13471 | D:5      | Bought a potion of heal wounds for 60 gold pieces
 13471 | D:5      | Bought a potion of lignification for 36 gold pieces
 13543 | D:5      | Bought a scroll of identify for 24 gold pieces
 13714 | D:5      | Bought a scroll of blinking for 165 gold pieces
 13835 | D:10     | Entered Level 10 of the Dungeon
 13849 | D:10     | Noticed a cyan ugly thing
 13876 | D:9      | Killed a cyan ugly thing
 14667 | D:11     | Noticed a two-headed ogre
 14680 | D:11     | Killed a two-headed ogre
 14681 | D:11     | Reached XP level 12. HP: 95/95 MP: 15/15
 14812 | D:11     | Noticed Psyche
 14812 | D:11     | Noticed Josephine
 14830 | D:11     | Killed Psyche
 14963 | D:11     | Reached skill level 5 in Armour
 14984 | D:11     | Killed Josephine
 15388 | D:11     | Found a staircase to the Orcish Mines.
 15890 | D:4      | Bought a manual of Armour for 960 gold pieces
 17376 | D:$      | Safely got out of the dungeon.

Illustrated notes

Levels and vault maps discovered:
D:1:      dpeg_arrival_three_same_balls, layout_loops_corners,
          minmay_misc_feat_tower
D:2:      layout_basic, grunt_ministairs_2, columned_hall_lemuel,
          minmay_rat_hole
D:3:      layout_rooms, mainiacjoe_overflow_alcove_1, serial_shops,
          nicolae_lakefront_shop, minmay_hedge_maze, corexii_corridor_pit,
          minmay_tree_intersection, minmay_goblin_kobold_house
D:4:      layout_gridville, nicolae_shop_self_help, uniq_robin, uniq_sigmund
D:5:      layout_basic, lemuel_doored_altar,
          mainiacjoe_overflow_concentric_impassable,
          nicolae_shop_distant_corner_stores
D:6:      cheibrodos_two_vegetables, layout_rooms, amcnicky_altar_gilded,
          nicolae_the_louvre
D:7:      layout_basic, minmay_temple_entry_trees, minmay_manual_macuahuitl,
          uniq_menkaure, uniq_pikel
D:8:      wad_woods_minihive, layout_basic,
          nicolae_overflow_hallway_of_the_gods,
          nicolae_shop_i_like_small_books_too
D:9:      minmay_octagon_keep, layout_long_grid, overflow_temple_1_default,
          erik_lair_island, amcnicky_mini_pool_medium
D:10:     layout_cave_pools
D:11:     layout_rooms, erik_orc_1, minivault_1, uniq_josephine, uniq_psyche
D:12:     layout_loops_ring
Temple:   cyrus_temple_forest

Skill      XL: |  1  2  3  4  5  6  7  8  9 10 11 12 |
---------------+-------------------------------------+-----
Stealth        | 2 4 5 |  5.1
Short Blades   | 3 4 6 7 9 10 | 10.1
Fighting       | 7 9 |  9.3
Dodging        | 8 11 | 11.6
Evocations     | 7 |  7.4
Armour         | 3 9 |  9.3
Throwing       | |  0.7
Spellcasting   | |  2.0
Translocations | |  2.4

Action                     |  1- 3 |  4- 6 |  7- 9 | 10-12 || total
---------------------------+-------+-------+-------+-------++-------
  Melee: Short sword       |   162 |   214 |   364 |  1105 ||  1845
         Bite              |    14 |    22 |    45 |   175 ||   256
  Throw: Dart              |       |     1 |     4 |       ||     5
   Cast: Passwall          |       |       |       |     4 ||     4
Ability: Exsanguinate      |     3 |       |       |       ||     3
         Revivify          |     3 |       |       |       ||     3
  Evoke: Wand              |       |     1 |       |    18 ||    19
    Use: Potion            |     1 |     1 |       |     5 ||     7
         Scroll            |       |     5 |     2 |     8 ||    15
   Stab: Sleeping          |     4 |     6 |     8 |       ||    18
         Distracted        |     1 |     1 |       |     5 ||     7
 Armour: Leather armour    |    67 |    90 |   144 |   296 ||   597
         Scale mail        |       |       |       |   162 ||   162
  Dodge: Dodged            |    79 |    97 |   142 |   612 ||   930

Table legend: (Time is in decaauts)
 A = Elapsed time spent in this place.
 B = Non-inter-level travel time spent in this place.
 C = Inter-level travel time spent in this place.
 D = Time resting spent in this place.
 E = Time spent auto-exploring this place.
 F = Levels seen in this place.
 G = Mean time per level.
                   A        B        C        D        E       F      G
               +--------+--------+--------+--------+--------+-----+--------+
         Total |  17910 |  16304 |   1606 |   4973 |   5735 |  13 | 1377.7 |
       Dungeon |  17831 |  16258 |   1573 |   4973 |   5735 |  12 | 1485.9 |
        Temple |     78 |     45 |     33 |      0 |      0 |   1 |   78.0 |
               +--------+--------+--------+--------+--------+-----+--------+

Top non-repeatable levels by time:
     D:8: 2497 daAuts
     D:6: 1965 daAuts
     D:9: 1946 daAuts
     D:1: 1786 daAuts
     D:5: 1752 daAuts
     D:7: 1564 daAuts
     D:4: 1230 daAuts
    D:11: 1181 daAuts
     D:3: 1167 daAuts
    D:12: 1144 daAuts
     D:2: 815 daAuts
    D:10: 778 daAuts
  Temple: 78 daAuts
